 Dungeon Crawl Stone Soup version 0.21.1-1-g345015f (webtiles) character file.

59 sking99 the Grave Robber (level 3, 18/19 HPs)
             Began as a Deep Elf Necromancer on July 1, 2018.
             Quit the game on level 3 of the Dungeon.
             The game lasted 00:05:15 (1820 turns).

sking99 the Grave Robber (Deep Elf Necromancer)     Turns: 1820, Time: 00:05:16

Health: 18/19      AC:  2    Str:  5    XL:     3   Next: 78%
Magic:  9/10       EV: 13    Int: 20    God:
Gold:   109        SH:  0    Dex: 15    Spells: 8/10 levels left

rFire    . . .     SeeInvis .   (no weapon)
rCold    . . .     Gourm    .   (no shield)
rNeg     . . .     Faith    .   a - +0 robe
rPois    .         Spirit   +   (no helmet)
rElec    .         Reflect  .   p - scarf {Spirit}
rCorr    .         Harm     .   (no gloves)
MR       .....                  (no boots)
Stlth    ++........             (no amulet)
HPRegen  0.06/turn              (no ring)
MPRegen  0.12/turn              (no ring)

@: no status effects
A: no striking features
a: no special abilities


You were on level 3 of the Dungeon.
You were not hungry.

You visited 1 branch of the dungeon, and saw 3 of its levels.

You collected 109 gold pieces.

Inventory:

Hand Weapons
 f - a +0 whip
Armour
 a - a +0 robe (worn)
 d - a +0 cloak
 p - a scarf of spirit shield (worn)
Jewellery
 g - an uncursed ring of resist corrosion {unknown}
Scrolls
 e - a scroll of identify {unknown}
 h - 2 scrolls of teleportation {unknown}
 j - 2 scrolls of remove curse {unknown}
 k - a scroll of enchant weapon {unknown}
 l - a scroll of amnesia {unknown}
 n - 2 scrolls of fear {unknown}
 q - 2 scrolls of immolation {unknown}
Potions
 i - 2 potions of curing {unknown}
 m - a potion of brilliance {unknown}
Books
 b - a book of Necromancy

   Spells                             Type                      Level
   a - Pain                           Necromancy                   1
   b - Animate Skeleton               Necromancy                   1
   c - Vampiric Draining              Necromancy                   3
   d - Regeneration                   Charms/Necromancy            3
   e - Animate Dead                   Necromancy                   4
   f - Borgnjor's Vile Clutch         Necromancy/Earth             5
Comestibles
 c - 5 rations


   Skills:
 + Level 2.6 Dodging
 + Level 2.4 Stealth
 + Level 4.4 Spellcasting
 + Level 5.7 Necromancy


You had 8 spell levels left.
You knew the following spells:

 Your Spells              Type           Power        Failure   Level  Hunger
a - Pain                  Necr           ####         1%          1    None
b - Animate Skeleton      Necr           N/A          1%          1    None


Dungeon Overview and Level Annotations

Branches:
Dungeon (3/15)

Altars:
Vehumet


Message History

Casting: Pain
Confirm with . or Enter, or press ? or * to list all spells.
Aiming: Pain
Press: ? - help, Shift-Dir - straight line, f - hobgoblin
Aim: a hobgoblin (chance to defeat MR: 93%)
The hobgoblin writhes in agony!
Casting: Pain
Confirm with . or Enter, or press ? or * to list all spells.
Aiming: Pain
Press: ? - help, Shift-Dir - straight line, f/p - hobgoblin
Aim: a hobgoblin (moderately wounded, chance to defeat MR: 93%)
The hobgoblin writhes in agony!
You kill the hobgoblin!
Casting: Pain
Confirm with . or Enter, or press ? or * to list all spells.
You can't see any susceptible monsters within range! (Use Z to cast anyway.) Unknown command.
A frilled lizard comes into view.
Found a radiant altar of Vehumet.
Are you sure you want to abandon this character and quit the game? (Confirm with "yes".)

#.....####
#.###l# # #.#
#.## #####..#
#......#
....####.####
.. #.......#
#.##@##.# #
#...# #
..._...
#.#...#.#
#.##.##.# #
... # #.# #..


You could see a frilled lizard.

Vanquished Creatures
  2 adders (D:2)
  A gnoll (D:1)
  A dart slug (D:1)
  3 bats (D:1)
  3 giant cockroaches
  4 goblins
  4 hobgoblins
  A quokka (D:2)
  2 frilled lizards (D:2)
  3 kobolds (D:1)
  3 rats
27 creatures vanquished.

Vanquished Creatures (collateral kills)
  A frilled lizard (D:1)
1 creature vanquished.

Grand Total: 28 creatures vanquished

Notes
Turn   | Place    | Note
-------+----------+-------------------------------------------
     0 | D:1      | sking99 the Deep Elf Necromancer began the quest for the Orb.
     0 | D:1      | Reached XP level 1. HP: 10/10 MP: 6/6
   169 | D:1      | Learned a level 1 spell: Animate Skeleton
   197 | D:1      | Reached skill level 5 in Necromancy
   197 | D:1      | Reached XP level 2. HP: 13/15 MP: 5/8
   930 | D:1      | Reached XP level 3. HP: 19/19 MP: 6/9
  1814 | D:3      | Found a radiant altar of Vehumet.
  1820 | D:3      | Quit the game

Skill      XL: |  1  2  3 |
---------------+----------+-----
Necromancy     | 5 |  5.7
Spellcasting   | 4 |  4.4
Dodging        | |  2.6
Stealth        | |  2.4

Action                   || total
-------------------------++-------
 Cast: Pain              ||    55
       Animate Skeleton  ||     7
  Eat: Chunk             ||     3
Armor: Robe              ||     5
Dodge: Dodged            ||    11
